 Dungeon Crawl Stone Soup version 0.21-a0-615-g8e08f28 (webtiles) character file.

456 slep the Slasher (level 6, -6/47 HPs)
             Began as a Demonspawn Gladiator on Dec 23, 2017.
             Killed by divine providence
             ... invoked by an orc priest
              (10 damage)
             ... on level 5 of the Dungeon.
             The game lasted 00:15:37 (3741 turns).

slep the Slasher (Demonspawn Gladiator)             Turns: 3741, Time: 00:15:38

Health: -6/47      AC: 11    Str: 14    XL:     6   Next: 77%
Magic:  0/6        EV: 14    Int: 13    God:
Gold:   237        SH:  0    Dex: 16    Spells: 5/5 levels left

rFire    . . .     SeeInvis .   a - +0 long sword
rCold    . . .     Gourm    .   (no shield)
rNeg     . . .     Faith    .   b - +0 leather armour
rPois    .         Spirit   +   s - +2 helmet
rElec    .         Reflect  .   h - +1 cloak
rCorr    .         Harm     .   (no gloves)
MR       .....                  w - +0 pair of boots {Fly}
Stlth    ++........             p - amulet of guardian spirit
HPRegen  0.15/turn              u - -2 ring of intelligence (curse)
MPRegen  0.10/turn              (no ring)

@: brilliant, flying, hasted, very quick
A: icy blue scales 1, powered by death 1
a: Stop Flying


You were on level 5 of the Dungeon.
You were hungry.

You visited 1 branch of the dungeon, and saw 6 of its levels.

You collected 237 gold pieces.

Inventory:

Hand Weapons
 a - a +0 long sword (weapon)
Missiles
 d - 3 throwing nets (quivered)
 r - 5 curare-tipped needles
 t - 20 poisoned needles
Armour
 b - a +0 leather armour (worn)
 c - a +0 helmet
 h - a +1 cloak (worn)
 s - a +2 helmet (worn)
 w - a +0 pair of boots of flying (worn)
Jewellery
 p - an amulet of guardian spirit (around neck)
 u - a cursed -2 ring of intelligence (left hand)
Scrolls
 e - a scroll of enchant armour {unknown}
 i - 2 scrolls of identify {unknown}
 j - 3 scrolls of immolation {unknown}
 n - a scroll of amnesia {unknown}
 v - 2 scrolls of enchant weapon {unknown}
 x - a scroll of remove curse {unknown}
Potions
 k - a potion of lignification
 l - a potion of brilliance
 o - 2 potions of curing {unknown}
 z - a potion of heal wounds {unknown}
Comestibles
 f - 13 rations


   Skills:
 + Level 3.1 Fighting
 + Level 5.1 Long Blades
 + Level 1.8 Throwing
 + Level 2.1 Armour
 + Level 4.0 Dodging
 + Level 1.3 Stealth


You had 5 spell levels left.
You didn't know any spells.

Dungeon Overview and Level Annotations

Branches:
Dungeon (6/15)
 Temple: D:4-7

Altars:
Makhleb

Annotations:
D:4 pigah's ghost, amateur DrFE


Innate Abilities, Weirdness & Mutations

You are partially covered in icy blue scales. (AC +2)
You regenerate a little health from kills.


Message History

The orc wizard shouts!
The orc priest shouts!
There is a stone staircase leading up here.
The orc priest shouts!
The orc shouts!
You barely miss the orc priest.
The orc priest mumbles some strange prayers to Beogh against you.
Beogh smites you!
* * * LOW HITPOINT WARNING * * *
You completely miss the orc priest. You hit the orc priest.
The orc priest is moderately wounded.
The orc priest barely misses you.
You riposte.
You closely miss the orc priest.
The orc priest is moderately wounded.
The orc priest looks encouraged for a moment.
The orc wizard gestures at you while chanting.
You resist with some effort.
You closely miss the orc priest.
The orc priest is moderately wounded.
The orc priest invokes the aid of Beogh against you.
Beogh smites you!
You die...

.....>...####.....#
###. ........##
#....## ###...
.......## #...#
#..... .......# ..#
#....... ......##
#. ...##... ......#
###... ## #....
....... ####....#
##... ...###.
####.....# ##..
#...<@### ###
#.....#oo.##
##..###.oo.## #.
#..รท..# # ##....##
#.....# #.....##
#......# #......# #


You could see 2 orc priests, an orc wizard and an orc.

Vanquished Creatures
  A scorpion (D:4)
  A howler monkey (D:5)
  A crimson imp (D:3)
  A hound (D:4)
  A jelly (D:5)
  An orc wizard (D:4)
  Terence (D:2)
  2 iguanas (D:5)
  A worker ant zombie (D:5)
  A gnoll (D:1)
  A howler monkey skeleton (D:4)
  5 adders
  2 oozes (D:1)
  2 worms (D:2)
  2 dart slugs
  7 leopard geckos
  5 orcs (D:4)
  2 ball pythons
  4 bats (D:1)
  5 giant cockroaches
  5 goblins
  5 hobgoblins
  10 kobolds
  4 quokkas
  A frilled lizard (D:2)
  5 rats
76 creatures vanquished.

Vanquished Creatures (others)
  A bat (D:1)
1 creature vanquished.

Grand Total: 77 creatures vanquished

Notes
Turn   | Place    | Note
-------+----------+-------------------------------------------
     0 | D:1      | slep the Demonspawn Gladiator began the quest for the Orb.
     0 | D:1      | Reached XP level 1. HP: 16/16 MP: 1/1
   295 | D:1      | Gained mutation: You regenerate a little health from kills. [demonic ancestry]
   295 | D:1      | Reached XP level 2. HP: 17/22 MP: 2/2
   428 | D:2      | Reached skill level 3 in Long Blades
   437 | D:2      | Gained mutation: You are partially covered in icy blue scales. (AC +2) [demonic ancestry]
   437 | D:2      | Reached XP level 3. HP: 4/27 MP: 3/3
   749 | D:2      | Noticed Terence
  1252 | D:2      | Reached XP level 4. HP: 34/34 MP: 4/4
  1477 | D:1      | Reached skill level 1 in Armour
  1816 | D:2      | Killed Terence
  2598 | D:4      | Reached XP level 5. HP: 33/39 MP: 5/5
  2638 | D:5      | Entered Level 5 of the Dungeon
  2666 | D:5      | Reached skill level 4 in Long Blades
  2666 | D:5      | Reached skill level 1 in Stealth
  2884 | D:5      | Reached XP level 6. HP: 17/46 MP: 2/6
  3253 | D:3      | Found a burning altar of Makhleb.
  3466 | D:4      | Reached skill level 5 in Long Blades
  3696 | D:4      | Noticed pigah's ghost (amateur DrFE)
  3741 | D:5      | Killed from afar by an orc priest

Vault maps used:
D:1:      lightli_arrival_farm
D:2:      solitary_fountain, grunt_ministairs_15, dk_vineyard_1, uniq_terence
D:3:      makhleb_grotto_becter, first_ration, kennysheep_generic_room_5
D:6:      lemuel_doored_altar

Skill      XL: |  1  2  3  4  5  6 |
---------------+-------------------+-----
Dodging        | 3 4 |  4.0
Long Blades    | 3 4 5 |  5.1
Armour         | 1 2 |  2.1
Stealth        | 1 |  1.3
Fighting       | 3 |  3.1
Throwing       | |  1.8

Action                   |  1- 3 |  4- 6 || total
-------------------------+-------+-------++-------
Melee: Long sword        |   108 |   189 ||   297
Throw: Tomahawk          |       |     2 ||     2
  Use: Potion            |       |     5 ||     5
 Stab: Sleeping          |     2 |     2 ||     4
  Eat: Chunk             |     1 |     8 ||     9
Armor: Leather armour    |    49 |    53 ||   102
       Skin              |       |    12 ||    12
Dodge: Dodged            |   115 |   129 ||   244
       Rpst.: Long sword |    27 |    41 ||    68

Table legend:
 A = Spawn XP
 B = Non-spawn XP
 C = Spawn XP percentage of total XP
 D = Spawn monster count
 E = Non-spawn monster count
 F = Spawn count percentage of total count
 G = Total turns spent on level
                    A         B        C        D         E        F      G
               +---------+---------+-------+---------+---------+-------+---------
         Total |       0 |     652 |   0.0 |       0 |      76 |   0.0 |  3741
               +---------+---------+-------+---------+---------+-------+---------
           D:1 |       0 |      63 |   0.0 |       0 |      22 |   0.0 |   831
           D:2 |       0 |      67 |   0.0 |       0 |      16 |   0.0 |  1058
           D:3 |       0 |      98 |   0.0 |       0 |      15 |   0.0 |   929
           D:4 |       0 |     223 |   0.0 |       0 |      15 |   0.0 |   639
           D:5 |       0 |     188 |   0.0 |       0 |       7 |   0.0 |   264
           D:6 |       0 |      13 |   0.0 |       0 |       1 |   0.0 |    20
               +---------+---------+-------+---------+---------+-------+---------
